 Dungeon Crawl Stone Soup version 0.30.0-16-gbe6223bb7e (webtiles) character file.

Game seed: 9328714852071440289

86 NateTC the Shooter (level 4, -3/40 HPs)
             Began as a Minotaur Hunter on May 21, 2023.
             Slain by Duvessa
             ... wielding a +0 short sword
              (6 damage)
             ... on level 3 of the Dungeon.
             The game lasted 00:04:14 (2474 turns).

NateTC the Shooter (Minotaur Hunter)                Turns: 2474, Time: 00:04:15

Health: -3/40      AC:  4    Str: 15    XL:     4   Next: 27%
Magic:  3/3        EV: 12    Int:  6    God:
Gold:   223        SH:  0    Dex: 16    Spells: 3/3 levels left

rFire   . . .        a - +1 shortbow
rCold   + . .        (shield currently unavailable)
rNeg    . . .        c - +0 leather armour
rPois   .            (helmet restricted)
rElec   .            l - +0 cloak
rCorr   .            (no gloves)
SInv    .            (no boots)
Will    .....        (no amulet)
Stlth   +            k - ring of protection from cold
HPRegen 0.26/turn    (no ring)
MPRegen 0.08/turn

%: no passive effects
@: mighty, hasted, very quick
A: horns 2, retaliatory headbutt
a: no special abilities


You were on level 3 of the Dungeon.
You visited 1 branch of the dungeon, and saw 4 of its levels.

You collected 223 gold pieces.

Inventory:

Hand Weapons
 a - a +1 shortbow (weapon)
Armour
 c - a +0 leather armour (worn)
 l - a +0 cloak (worn)
Jewellery
 k - a ring of protection from cold (left hand)
Scrolls
 b - 3 scrolls of immolation
 e - 2 scrolls of teleportation
 f - a scroll of enchant weapon
 m - 2 scrolls of fog
 o - a scroll of torment {unknown}
Potions
 d - a potion of lignification
 j - a potion of resistance
 n - 2 potions of berserk rage {unknown}


   Skills:
 * Level 4.2 Fighting
 * Level 5.5 Ranged Weapons
 - Level 2.1 Dodging
 - Level 0.7 Stealth


You had 3 spell levels left.
You didn't know any spells.
Your spell library contained the following spells:

 Spells                   Type           Power      Damage    Failure   Level
 Slow                     Hex            0%         N/A       52%         1
 Confusing Touch          Hex            0%         N/A       88%         3
 Vampiric Draining        Necr           0%         2d6       88%         3


Dungeon Overview and Level Annotations

Branches:
Dungeon (4/15) Zot: 21479
 Temple: D:4-7

Altars:
Trog
Uskayaw

Shops:
D:1 *

Annotations:
D:3 Dowan, Duvessa


Innate Abilities, Weirdness & Mutations

You have a pair of horns on your head.
You reflexively headbutt those who attack you in melee.


Message History

The arrow hits Duvessa but does no damage.
Duvessa is heavily wounded.
Duvessa hits you with a +0 short sword!
* * * LOW HITPOINT WARNING * * *
Fire: a) +1 shortbow
Press: ? - help, Q - select action Shift-Dir - straight line, f/p - Duvessa
Aim: Duvessa, wielding a +0 short sword and wearing a +2 leather armour of fire resistance (heavily wounded, 69% to hit)
You shoot an arrow. The arrow closely misses Duvessa.
The arrow hits Dowan.
Dowan is heavily wounded.
Okay, then.
You feel better. Duvessa hits you with a +0 short sword.
* * * LOW HITPOINT WARNING * * *
Dowan gestures at Duvessa while chanting.
Duvessa seems to speed up.
Fire: a) +1 shortbow
Press: ? - help, Q - select action Shift-Dir - straight line, f/p - Duvessa
Aim: Duvessa, wielding a +0 short sword and wearing a +2 leather armour of fire resistance (heavily wounded, fast, 69% to hit)
You shoot an arrow. The arrow closely misses Duvessa.
The arrow barely misses Dowan.
Duvessa hits you but does no damage.
Fire: a) +1 shortbow
Press: ? - help, Q - select action Shift-Dir - straight line, f/p - Duvessa
Aim: Duvessa, wielding a +0 short sword and wearing a +2 leather armour of fire resistance (heavily wounded, fast, 69% to hit)
You shoot an arrow. The arrow barely misses Duvessa.
The arrow hits Dowan.
Dowan is severely wounded.
Duvessa hits you with a +0 short sword.
* * * LOW HITPOINT WARNING * * *
Duvessa misses you. You furiously retaliate!
You headbutt Duvessa!
Fire: a) +1 shortbow
Press: ? - help, Q - select action Shift-Dir - straight line, f/p - Duvessa
Aim: Duvessa, wielding a +0 short sword and wearing a +2 leather armour of fire resistance (almost dead, fast, 69% to hit)
You shoot an arrow. The arrow closely misses Duvessa.
The arrow barely misses Dowan.
Duvessa closely misses you.
Fire: a) +1 shortbow
Press: ? - help, Q - select action Shift-Dir - straight line, f/p - Duvessa
Aim: Duvessa, wielding a +0 short sword and wearing a +2 leather armour of fire resistance (almost dead, fast, 69% to hit)
You shoot an arrow. The arrow closely misses Duvessa.
The arrow misses Dowan.
Duvessa hits you with a +0 short sword.
You die...

......# #†# #.# #####.###.#
###.# ..........######...#
#####..#####.....###
.................#
.######....#####.# .#
##..## #e#######
.#######..# #e#.....#
.........># #@#.###.#
........#.# #.#.#...#
........#.# #.#.#.###
........#.# #.#.#.#
........#.# #.#.#.#
.÷......#.# #.#.#.#
.########.######.#.#.######
.# #.................# .#
#########..#.####.#


You could see Duvessa (fast) and Dowan.

Vanquished Creatures
  3 adders
  4 bats
  6 endoplasms
  7 giant cockroaches
  3 goblins
  6 hobgoblins
  2 jackals (D:3)
  6 kobolds
  2 quokkas
  2 ball pythons (D:1)
  4 frilled lizards
  9 rats
  A spectral goblin (D:2)
55 creatures vanquished.

Notes
Turn   | Place    | Note
-------+----------+-------------------------------------------
     0 | D:1      | NateTC the Minotaur Hunter began the quest for the Orb.
     0 | D:1      | Reached XP level 1. HP: 18/18 MP: 0/0
   153 | D:1      | Reached XP level 2. HP: 25/25 MP: 1/1
   592 | D:1      | Found Zeux Ras's General Store.
   663 | D:1      | Reached skill level 5 in Ranged Weapons
   685 | D:1      | Reached XP level 3. HP: 31/31 MP: 2/2
  1060 | D:2      | Found a bloodstained altar of Trog.
  1079 | D:2      | Found a faded altar of an unknown god.
  1316 | D:3      | Reached XP level 4. HP: 34/40 MP: 3/3
  1382 | D:3      | Found a hide-covered altar of Uskayaw.
  2247 | D:4      | Noticed Duvessa
  2247 | D:4      | Noticed Dowan
  2472 | D:3      | HP: 2/40 [Duvessa/+0 short sword (5)]
  2474 | D:3      | Slain by Duvessa

Illustrated notes

Levels and vault maps discovered:
D:1:      onia_arrival_pyramid, layout_loops_corners, serial_shops, shop
D:2:      layout_rooms, basic_altar, dreamdust_ecumenical_altar_drowned_temple
D:3:      layout_basic, nicolae_uskayaw_dance_hall
D:4:      layout_basic, kennysheep_mini, hangedman_abyss_or_decor_slice,
          uniq_duvessa

Skill      XL: |  1  2  3 |
---------------+----------+-----
Fighting       | 3 4 |  4.2
Ranged Weapons | 5 |  5.5
Dodging        | |  2.1
Stealth        | |  0.7

Action                     |  1- 3 |  4- 6 || total
---------------------------+-------+-------++-------
   Fire: Shortbow          |   103 |    20 ||   123
    Use: Scroll            |     3 |     7 ||    10
         Potion            |       |     3 ||     3
 Armour: Leather armour    |     7 |     5 ||    12
  Dodge: Dodged            |    21 |    16 ||    37
